[Event "EYCC Girls U10 2018"]
[Site "Riga"]
[Date "2018.08.29"]
[Round "9"]
[White "Maria, Lia-Alexandra"]
[Black "Mutina, Sofia"]
[Result "0-1"]
[ECO "D37"]
[WhiteElo "1576"]
[BlackElo "1319"]
[Annotator "NA"]
[PlyCount "62"]
[EventDate "2018.08.20"]
[EventType "swiss"]
[EventCountry "LAT"]
[SourceTitle "playchess.com"]
[Source "ChessBase"]
[SourceQuality "1"]
[TimeControl "40/5400+30:1800+30"]

1. d4 Nf6 2. Nf3 d5 3. c4 e6 4. Nc3 Be7 5. Bf4 O-O 6. e3 b6 7. Be2 Bb7 8. O-O Nbd7 9. Rc1 c5 10. cxd5 Nxd5 11. Nxd5 Bxd5 12. dxc5 Bxc5 13. a3 a5 14. Bb5 Qe7 15. e4 Bxe4 16. Qxd7 Qf6 17. Be5 Qg6 18. Bc6 Rad8 19. Bxe4 Qxe4 20. Qb5 Rd5 21. Qb3 a4 22. Qc2 Rxe5 23. Nxe5 Qxe5 24. Rfe1 Qf6 25. Re2 Rc8 26. Qd1 Qf4 27. Rcc2 g6 28. Qe1 Kg7 29. Re4 Qf5 30. Qe2 Rd8 31. Qe1 Qxe4 0-1